Map: Dusk Towers

Players

Arctur - Winner!

  • Race: Terran Terran
  • League: Grandmaster

Miszu

  • Race: Terran Terran
  • League: Master

VOD

Have the link to the VOD?

Description

Time

  • Played on: May 2, 2016, 1:21 p.m.
  • Length: 6:09
Show
View Real Time Build Order
Export as new Build Order

Arctur Terran - Winner!

Build Orders: Reaper Expand 

Get SALT Encoding   

  12  0:01  SCV  
  13  0:13  SCV  
  14  0:17  Supply Depot  
  14  0:25  SCV  
  15  0:39  SCV  
  15  0:42  Barracks  
  16  0:45  Refinery  
  16  0:51  SCV  
  17  1:03  SCV  
  18  1:15  SCV  
  19  1:29  Reaper, Orbital Command  
  20  1:45  Command Center  
  20  1:54  SCV  
  20  2:00  Supply Depot  
  20  2:01  Marine  
  21  2:06  SCV  
  23  2:12  Factory  
  23  2:20  Refinery  
  23  2:21  SCV  
  24  2:24  Barracks Reactor  
  24  2:33  SCV  
  25  2:46  SCV  
  26  2:55  Widow Mine  
  26  2:57  Starport  
  26  2:58  SCV  
  29  2:59  Orbital Command  
  29  3:00  Marine x2  
  31  3:06  Engineering Bay  
  31  3:10  SCV  
  32  3:18  Marine x2  
  34  3:22  SCV  
  34  3:23  Supply Depot  
  34  3:27  Factory Tech Lab  
  35  3:29  SCV  
  36  3:34  SCV  
  36  3:36  Viking  
  39  3:45  Siege Tank  
  39  3:47  SCV x2  
  44  3:51  Missile Turret  
  44  3:56  Missile Turret  
  44  3:59  SCV x2  
  46  4:03  Missile Turret  
  48  4:13  SCV x2  
  48  4:16  Marine x2  
  50  4:26  SCV x2  
  50  4:29  Supply Depot, Cloaking Field  
  52  4:31  Factory Tech Lab  
  52  4:33  Marine x2  
  52  4:35  Banshee  
  52  4:38  SCV x2  
  59  4:39  Refinery  
  59  4:41  Supply Depot  
  59  4:50  SCV x2  
  61  4:57  Barracks  
  61  5:00  Barracks  
  61  5:02  Siege Tank  
  61  5:03  SCV  
  61  5:05  SCV  
  66  5:08  Refinery  
  66  5:15  SCV  
  66  5:17  SCV  
  66  5:18  Banshee  
  71  5:22  Supply Depot  
  69  5:30  Supply Depot, SCV  
  69  5:32  Supply Depot  
  69  5:37  Marine x2  
  74  5:47  SCV x2  
  76  5:52  Barracks Tech Lab  
  76  5:54  Barracks  
  76  6:00  Barracks  
Show
View Real Time Build Order
Export as new Build Order

Miszu Terran 

Build Orders: 1/1/1, Banshee Rush 

Get SALT Encoding   

  12  0:00  SCV  
  13  0:12  SCV  
  14  0:18  Supply Depot  
  14  0:25  SCV  
  15  0:40  SCV  
  16  0:42  Barracks  
  16  0:45  Refinery  
  16  0:49  Refinery  
  16  0:54  SCV  
  17  1:06  SCV  
  18  1:18  SCV  
  19  1:30  Factory  
  19  1:34  SCV  
  19  1:39  Reaper  
  21  1:47  Orbital Command  
  21  1:57  Supply Depot  
  21  2:11  Reaper  
  21  2:13  SCV  
  23  2:19  Hellion  
  25  2:29  Starport  
  25  2:33  SCV  
  26  2:40  Hellion  
  26  2:43  Reaper  
  29  2:49  Supply Depot  
  29  2:52  SCV  
  30  3:10  SCV  
  30  3:11  Hellion, Medivac  
  35  3:15  Barracks Tech Lab  
  35  3:34  Command Center  
  35  3:37  SCV  
  36  3:46  Barracks Reactor  
  36  3:50  Cloaking Field  
  36  3:54  Supply Depot  
  36  3:57  Banshee  
  39  4:08  Factory Tech Lab  
  39  4:11  SCV  
  32  4:23  SCV  
  31  4:30  Command Center  
  31  4:35  SCV  
  32  4:40  Banshee  
  35  4:48  SCV  
  35  4:49  Orbital Command  
  36  4:58  Siege Tank  
  39  5:00  SCV  
  40  5:12  SCV  
  41  5:16  Barracks x2  
  41  5:17  SCV  
  42  5:24  SCV  
  43  5:32  SCV  
  44  5:39  SCV  
  44  5:46  SCV  
  44  5:47  Marine x2  
  50  5:57  SCV  
  50  5:59  Engineering Bay  
  50  6:00  Engineering Bay  
  50  6:03  Starport Reactor  
Tags
 
Add a new tag
Caveats
  • Supply blocks, unpowered buildings, or Contaminate may cause inaccurate times.
  • Supply counts are checked every 10 seconds.